 Dungeon Crawl Stone Soup version 0.20.1-1-g8b1a95d (webtiles) character file.

1147 ReteAZ the Ruffian (level 8, 0/81 HPs)
             Began as a Troll Arcane Marksman on July 28, 2017.
             Slain by an orc wizard
             ... wielding a +0 dagger
              (2 damage)
             ... on level 6 of the Dungeon.
             The game lasted 00:12:54 (3865 turns).

ReteAZ the Ruffian (Troll Arcane Marksman)          Turns: 3865, Time: 00:12:55

Health: 0/81       AC:  5    Str: 18 (21) XL:     8   Next: 15%
Magic:  8/8        EV:  9    Int:  6 (9)  God:
Gold:   271        SH:  0    Dex:  8 (10) Spells: 8/9 levels left

rFire    . . .     SeeInvis .     - Unarmed
rCold    . . .     Gourm    +   (no shield)
rNeg     . . .     Faith    .   a - +0 robe
rPois    .         Spirit   .   (helmet restricted)
rElec    .         Reflect  .   (no cloak)
rCorr    .         Harm     .   (gloves unavailable)
MR       .....                  (boots unavailable)
Stlth    +.........             m - amulet of magic regeneration
Regen    0.7/turn               (no ring)
MPRegen  0.2/turn               (no ring)

@: no status effects
A: unfitting armour, claws 3, fast metabolism 3, gourmand, regeneration 1,
shaggy fur 1, tough skin 2
a: no special abilities


You were on level 6 of the Dungeon.
You were full.

You visited 1 branch of the dungeon, and saw 6 of its levels.

You collected 271 gold pieces.

Inventory:

Missiles
 c - 3 large rocks
 d - 2 throwing nets
 w - 2 poisoned tomahawks (quivered)
Armour
 a - a +0 robe (worn)
Jewellery
 m - an amulet of magic regeneration (around neck)
Scrolls
 g - 3 scrolls of magic mapping {unknown}
 j - 7 scrolls of identify {unknown}
 l - 2 scrolls of amnesia {unknown}
 n - a scroll of immolation {unknown}
 o - 2 scrolls of remove curse {unknown}
 p - a scroll of blinking {unknown}
 x - a scroll of random uselessness {unknown}
 y - a scroll of recharging {unknown}
 A - a scroll of teleportation {unknown}
Potions
 e - 2 potions of agility
 h - a potion of cancellation {unknown}
 k - 2 potions of heal wounds {unknown}
 q - 2 potions of degeneration
 s - a potion of resistance {unknown}
 t - a potion of brilliance {unknown}
 u - a potion of berserk rage {unknown}
 v - 2 potions of lignification {unknown}
 C - a potion of might {unknown}
Books
 b - a book of Debilitation

   Spells                             Type                      Level
   a - Corona                         Hexes                        1
   b - Slow                           Hexes                        2
   c - Inner Flame                    Hexes/Fire                   3
   d - Portal Projectile              Hexes/Translocation          3
   e - Cause Fear                     Hexes                        4
   f - Leda's Liquefaction            Hexes/Earth                  4
Comestibles
 f - 5 bread rations
 r - a royal jelly
 z - 2 fruits
 B - a meat ration


   Skills:
 + Level 5.6 Fighting
 - Level 2.0 Throwing
 - Level 1.5 Dodging
 - Level 1.1 Stealth
 + Level 6.2 Unarmed Combat
 - Level 1.0 Spellcasting
 - Level 2.0 Hexes


You had 8 spell levels left.
You knew the following spells:

 Your Spells              Type           Power        Failure   Level  Hunger
a - Corona                Hex            #......      21%         1    ##.....


Dungeon Overview and Level Annotations

Branches:
Dungeon (6/15)
 Temple: D:4-7

Altars:
Qazlal


Innate Abilities, Weirdness & Mutations

You are too large for most types of armour.
You have claws for hands.
Your metabolism is lightning-fast.
You like to eat raw meat.
Your natural rate of healing is unusually fast.
You are covered in fur. (AC +1)
You have very tough skin. (AC +2)


Message History

A puff of flame appears from out of thin air!
The puff of flame hits you!
* * * LOW HITPOINT WARNING * * *
You miss something. Your claw misses something. Something hits you.
* * * LOW HITPOINT WARNING * * *
You miss something. Something hits you but does no damage.
You completely miss something. Something hits you but does no damage.
You closely miss something.
You hear some strange, mumbled words.
A puff of flame appears from out of thin air!
The puff of flame hits you!
* * * LOW HITPOINT WARNING * * *
Something hits you but does no damage.
It was a potion of degeneration.
There was something very wrong with that liquid.
You feel weakened.
You feel dopey.
You feel clumsy. Something hits you.
* * * LOW HITPOINT WARNING * * *
Something hits you.
You die...

.. ## ##.##.### ##.
...#...## ####..
#.......### ##..... #..
......## #......
#..#......(# ##......
###..##......####.......
#....)#{...)###.###.....
#.....{@(..##.....##....
#.....#.#####.....####..
##....#.##...........###
#....#.#............#
#...####......####.####
#...# ####..####.......
#..####................
#..........)...........
#.####.....#.#.#.#####.


There were no monsters in sight!

Vanquished Creatures
  Sigmund (D:3)
  2 ogres
  A phantom (D:4)
  Blork the orc (D:4)
  A bullfrog (D:6)
  A bullfrog skeleton (D:5)
  A jelly (D:6)
  2 hounds
  Jessica (D:2)
  3 worker ants
  Terence (D:2)
  5 orc wizards
  A howler monkey zombie (D:5)
  4 gnolls (D:3)
  7 adders
  A shadow imp (D:6)
  An ooze (D:5)
  4 worms
  A dart slug (D:2)
  6 leopard geckos
  18 orcs
  9 bats
  2 giant cockroaches
  9 goblins
  6 hobgoblins
  8 kobolds
  3 quokkas
  4 frilled lizards
  5 rats
109 creatures vanquished.

Notes
Turn   | Place    | Note
-------+----------+-------------------------------------------
     0 | D:1      | ReteAZ the Troll Arcane Marksman began the quest for the Orb.
     0 | D:1      | Reached XP level 1. HP: 18/18 MP: 1/1
    81 | D:1      | Reached skill level 1 in Fighting
    95 | D:1      | Reached XP level 2. HP: 27/27 MP: 2/2
   617 | D:2      | Reached XP level 3. HP: 35/35 MP: 3/3
   636 | D:2      | Noticed Terence
   640 | D:2      | Killed Terence
   781 | D:2      | Reached XP level 4. HP: 44/44 MP: 4/4
   919 | D:2      | Noticed Jessica
   931 | D:2      | Killed Jessica
  1228 | D:2      | Reached XP level 5. HP: 54/54 MP: 5/5
  1451 | D:3      | Noticed Sigmund
  1476 | D:3      | Killed Sigmund
  1476 | D:3      | Reached skill level 1 in Stealth
  1476 | D:3      | Reached XP level 6. HP: 23/63 MP: 6/6
  1738 | D:3      | Reached skill level 1 in Unarmed Combat
  2068 | D:4      | Reached skill level 2 in Unarmed Combat
  2122 | D:4      | Found a stormy altar of Qazlal.
  2477 | D:4      | Reached skill level 5 in Fighting
  2477 | D:4      | Reached skill level 3 in Unarmed Combat
  2477 | D:4      | Reached XP level 7. HP: 57/72 MP: 7/7
  2494 | D:4      | Noticed Blork the orc
  2505 | D:4      | Killed Blork the orc
  2563 | D:4      | Reached skill level 4 in Unarmed Combat
  2946 | D:5      | Entered Level 5 of the Dungeon
  3334 | D:5      | Reached skill level 5 in Unarmed Combat
  3683 | D:6      | Reached XP level 8. HP: 69/81 MP: 8/8
  3844 | D:6      | Reached skill level 6 in Unarmed Combat
  3865 | D:6      | HP: 2/81 [something (4)]
  3865 | D:6      | Slain by an orc wizard

Skill      XL: |  1  2  3  4  5  6  7  8 |
---------------+-------------------------+-----
Throwing       | 2 |  2.0
Fighting       | 1 2 3 4 5 |  5.6
Stealth        | 1 |  1.1
Unarmed Combat | 3 5 6 |  6.2
Dodging        | |  1.5
Spellcasting   | |  1.0
Hexes          | |  2.0

Action                   |  1- 3 |  4- 6 |  7- 9 || total
-------------------------+-------+-------+-------++-------
Melee: Unarmed           |    74 |   167 |   116 ||   357
       Punch             |       |       |     8 ||     8
Throw: Large rock        |       |     4 |     8 ||    12
       Tomahawk          |       |       |     9 ||     9
  Use: Potion            |       |     2 |     2 ||     4
  Eat: Chunk             |    11 |    13 |    14 ||    38
Armor: Robe              |    27 |    45 |    17 ||    89
Dodge: Dodged            |    34 |    85 |    61 ||   180
